Unix NetHack Version 3.7.0-102 Work-in-progress - last build Apr 7 2024 00:22:53 (d302a6a9ff6341f1a922d8f5af178406b35fdf99,branch:master). Game began 2024-04-22 22:53:49, ended 2024-04-25 16:06:57. Ted, neutral male gnomish Wizard --------------- ..@...........| |)@@..........| ).............| |.......[..))..# |.............|# ---------------## ## #### # # # ##----- #|.<.| #-)..| |...| ----- Ted the Thaumaturge St:8 Dx:15 Co:17 In:14 Wi:8 Ch:9 Neutral S:4393 Dlvl:6 $:1049 HP:0(50) Pw:43(58) AC:9 Xp:6/558 T:4096 Latest messages: You miss the fog cloud. You miss the fog cloud. You miss the fog cloud. You destroy the fog cloud! You descend the stairs. You see here 11 bamboo arrows. The Woodland-elf throws a runed spear! You are hit by a runed spear! You are beginning to feel hungry. The Woodland-elf throws a runed dagger! You are hit by a runed dagger! You hit the Woodland-elf! The Woodland-elf hits! You hit the Woodland-elf! The Woodland-elf hits! You kill the Woodland-elf! s - a scroll labeled GNIK SISI VLE. What do you want to eat? [p or ?*] p Blecch! Rotten food! You finish eating the food ration. The Woodland-elf drinks a potion of speed! The Woodland-elf is suddenly moving faster. The Woodland-elf wields a burnt runed dagger! The Woodland-elf shoots 2 runed arrows! The 1st runed arrow hits the Woodland-elf. The Woodland-elf misfires! The Woodland-elf thrusts her runed dagger. The Woodland-elf hits! The Woodland-elf wields a runed short sword! In what direction? b The spell hits the Woodland-elf! The Woodland-elf resists! The spell hits the Woodland-elf! The Woodland-elf wields a runed bow! The Woodland-elf thrusts her runed dagger. The Woodland-elf hits! The Woodland-elf wields a runed short sword! You hear a gurgling noise. The Woodland-elf thrusts her runed short sword. The Woodland-elf hits! What do you want to drink? [f-hwzWZ or ?*] h You feel better. The Woodland-elf thrusts her runed short sword. The Woodland-elf hits! The Woodland-elf thrusts her runed dagger. The Woodland-elf hits! The Woodland-elf thrusts her runed short sword. The Woodland-elf hits! You die... Do you want your possessions identified? [ynq] (y) q Inventory: Coins $ - 1049 gold pieces Weapons a - a +3 quarterstaff (weapon in hands) Armor Y - a cursed -2 pair of fumble boots b - an uncursed burnt +1 cloak of magic resistance (being worn) Comestibles p - 2 uncursed food rations Scrolls o - an uncursed scroll of blank paper s - an uncursed scroll of magic mapping Spellbooks l - an uncursed spellbook of clairvoyance k - a blessed spellbook of force bolt Potions z - an uncursed potion of booze Z - a cursed potion of fruit juice h - 2 uncursed potions of healing g - a blessed potion of levitation W - a cursed potion of see invisible f - an uncursed potion of speed w - 2 potions of unholy water Rings e - an uncursed ring of protection from shape changers t - an uncursed ring of searching d - an uncursed ring of stealth Wands T - a wand of create monster (0:11) H - a wand of make invisible (0:2) r - a wand of speed monster (0:5) Tools j - an empty cursed sack m - a magic marker (0:6) B - an uncursed oil lamp n - an uncursed skeleton key u - an uncursed towel Gems/Stones C - an uncursed touchstone Ted the Wizard's attributes: Background: You were a Thaumaturge, a level 6 male gnomish Wizard. You were neutral, on a mission for Thoth who was opposed by Ptah (lawful) and Anhur (chaotic). You were right-handed. You were in the Dungeons of Doom, on level 6. You entered the dungeon 4096 turns ago. There was a full moon in effect when your adventure ended. You had 558 experience points, 82 more were needed to attain level 7. Your score was 4393 before end-of-game adjustments. Basics: You had 0 out of 50 hit points. You had 43 out of 58 energy points (spell power). Your armor class was 9. Your wallet contained 1049 zorkmids. Autopickup was on for '$"=/!?' plus thrown. Final Characteristics: Your strength was 8 (peak:11, limit:18/50). Your dexterity was 15 (limit:18). Your constitution was 17 (peak:18, limit:18). Your intelligence was 14 (limit:19). Your wisdom was 8 (peak:9, limit:18). Your charisma was 9 (limit:18). Final Status: You weren't hungry. You were unencumbered. You were wielding a quarterstaff. You were skilled in quarterstaff. Final Attributes: You were piously aligned. You were magic-protected. You saw invisible. You were telepathic. You had infravision. You were warded. You were unlucky. Thoth was angry with you. You are dead. Miscellaneous: You encountered 1 bones level. Total elapsed playing time was 1 hour, 3 minutes and 47 seconds. Major events: Turn 1: Ted the neutral male gnomish Wizard entered the dungeon 992: entered the Gnomish Mines 1098: attained the rank of Conjurer (level 3) 1430: reached Mine Town 1602: destroyed Raisse's ghost, the former Field Worker 1626: destroyed scruffles' ghost, the former Esquire 1665: destroyed scruffles' ghost, the former Fighter 1832: attained the rank of Thaumaturge (level 6) 1912: destroyed Raisse's ghost, the former Investigator 1964: found Sunsword on the floor 4096: killed by a Woodland-elf Vanquished creatures: 4 ghosts a lizard a plains centaur a human zombie a Woodland-elf an imp a water nymph an orc shaman a rock piercer a rock mole a fog cloud a yellow light 2 gnome leaders a straw golem 2 floating eyes 2 dwarves 2 homunculi a kobold shaman 4 rothes a rabid rat 2 giant bats a wererat 5 killer bees 2 coyotes a gas spore 5 hobbits 3 manes 3 giant rats 2 cave spiders 9 gnomes a gnome zombie a gecko a jackal 4 kobolds 2 goblins a sewer rat 5 grid bugs a bat 3 lichens 2 newts 84 creatures vanquished. No species were genocided or became extinct. Voluntary challenges: You read items or engraved 10 times. You never engraved Elbereth. You never genocided any monsters. You never polymorphed an object. You never changed form. You used no wishes. Achievements: You entered a shop. You entered the Gnomish Mines. You attained the rank of Conjurer. You entered Minetown. You entered a temple. You attained the rank of Thaumaturge. The Dungeons of Doom: levels 1 to 6 Level 1: An altar. Level 2: A sink. Stairs down to The Gnomish Mines. Level 3: Level 4: Level 5: A fountain. Level 6: <- You were here. Final resting place for you, killed by a Woodland-elf. The Gnomish Mines: levels 3 to 5 Level 3: Level 4: Level 5: A temple and an altar, many fountains, many graves. Final resting place for Raisse-Arc-Dwa-Fem-Law, killed by a gray unicorn, Raisse-Arc-Dwa-Fem-Law, killed by falling down a mine shaft, scruffles-Val-Dwa-Fem-Law, killed by a watchman. Game over: ---------- / \ / REST \ / IN \ / PEACE \ / \ | Ted | | 1049 Au | | killed by a | | Woodland-elf | | | | | | 2024 | *| * * * | * _________)/\\_//(\/(/\)/\//\/|_)_______ Goodbye Ted the Wizard... You died in The Dungeons of Doom on dungeon level 6 with 4289 points, and 1049 pieces of gold, after 4096 moves. You were level 6 with a maximum of 50 hit points when you died.